 Dungeon Crawl Stone Soup version 0.26.1-11-gd32895ea62 (webtiles) character file.

Game seed: 17085225148318554151

2345 Zeld the Magician (level 9, -2/61 HPs)
             Began as an Octopode Fighter on May 11, 2021.
             Killed by divine providence
             ... invoked by an orc priest
              (13 damage)
             ... on level 7 of the Dungeon.
             The game lasted 00:10:56 (9406 turns).

Zeld the Magician (Octopode Fighter)                Turns: 9406, Time: 00:10:57

Health: -2/61      AC:  1    Str: 18    XL:     9   Next: 43%
Magic:  19/19      EV: 27    Int: 10    God:
Gold:   288        SH: 10    Dex: 12    Spells: 21/21 levels left

rFire    . . .     SeeInvis .   a - +2 war axe
rCold    . . .     Faith    .   b - +0 kite shield
rNeg     . . .     Spirit   .   (helmet restricted)
rPois    .         Reflect  .   g - amulet of the acrobat
rElec    .         Harm     .   q - ring of flight
rCorr    .         Rampage  .   d - ring of stealth
Will     .....                  (no ring)
Stlth    +++.......             (no ring)
HPRegen  0.20/turn              (no ring)
MPRegen  0.16/turn              (no ring)
                                (no ring)
                                (no ring)

@: mighty, acrobat
A: almost no armour, stealthy swim, amphibious, 8 rings, constrict 8, camouflage
1, gelatinous body 1
a: Evoke Flight


You were on level 7 of the Dungeon.
You visited 2 branches of the dungeon, and saw 8 of its levels.

You collected 288 gold pieces.

Inventory:

Hand Weapons
 a - a +2 war axe (weapon)
Missiles
 u - 17 poisoned darts (quivered)
Armour
 b - a +0 kite shield (worn)
Jewellery
 d - a ring of stealth (right tentacle)
 g - an amulet of the acrobat (around mantle)
 q - a ring of flight (left tentacle)
Wands
 i - a wand of enslavement (8)
Scrolls
 f - a scroll of teleportation
 h - a scroll of enchant armour {unknown}
 j - 3 scrolls of remove curse
 t - a scroll of magic mapping
Potions
 c - 2 potions of invisibility
 k - 2 potions of heal wounds
 l - a potion of resistance {unknown}
 m - 2 potions of brilliance {unknown}
 o - 2 potions of lignification {unknown}
 p - a potion of haste
 r - a potion of flight {unknown}


   Skills:
 - Level 5.3 Fighting
 - Level 4.7 Axes
 - Level 6.0 Throwing
 - Level 3.0 Dodging
 - Level 5.2 Shields
 * Level 6.8 Spellcasting


You had 21 spell levels left.
You didn't know any spells.
Your spell library was empty.

Dungeon Overview and Level Annotations

Branches:
Dungeon (7/15)             Temple (1/1) D:4

Altars:
Ashenzari
Cheibriados
Dithmenos
Elyvilon
Fedhas
Gozag
Hepliaklqana
Kikubaaqudgha
Makhleb
Nemelex Xobeh
Qazlal
Ru
Sif Muna
Trog
Uskayaw
Wu Jian
Xom
Yredelemnul
Zin
The Shining One


Innate Abilities, Weirdness & Mutations

You cannot wear most types of armour.
You are very stealthy in the water. (Stealth+)
You are amphibious.
You can wear up to eight rings at the same time.
You can use your tentacles to constrict eight enemies at once.
Your skin changes colour to match your surroundings (Stealth+).
Your rubbery body absorbs attacks. (AC +1, EV +1)


Message History

The orc priest calls down the wrath of Beogh upon you.
Beogh smites you!
* * * LOW HITPOINT WARNING * * *
You feel sick.
An orc wizard appears from thin air!
Reactivating autopickup.
The orc wizard points at you and mumbles some strange words.
You block the puff of frost.
As you read the scroll of fear, it crumbles to dust.
You assume a fearsome visage.
The orc wizard looks frightened!
The orc wizard is no longer moving quickly.
The orc wizard points at itself and mumbles some strange words.
The orc wizard flickers and vanishes!
Deactivating autopickup; reactivate with Ctrl-A.
Your magical contamination has completely faded away.
You feel sick.
You feel sick.
You are no longer poisoned.
The orc priest invokes the aid of Beogh against you.
Beogh smites you!
You die...

#.^...####### ### #............#
#......##.#.###_############.#.#
#......#..#.#.#.#.8..# #......
#......#.............#####.#.#..
##......#........................
....o...#..#.#.#.#.8#######.#.##.
.o......##.#.#.#_#8#<...# #.#....
##.####.###############.# #.#.###
##.# #...o.....@....##.###......
##.# ######.........##..####.###
...### #...............##.###
.....# #..................#.#
≈≈≈≈.# #...............#.?#..
≈≈≈≈.# #...............#.#..#
>_≈§.# #.............#...#..#
§.≈§.# ######........#..#.).#
§≈≈≈.# #...........#....


You could see an orc priest.

Vanquished Creatures
  Grinder (D:6)
  Sigmund (D:2)
  Menkaure (D:4)
  An ice beast (D:7)
  An orc warrior (D:7)
  A phantom (D:6)
  2 sky beasts (D:6)
  A necrophage (D:3)
  6 ogres
  A centaur (D:6)
  2 bullfrogs (D:6)
  2 killer bees (D:7)
  A howler monkey (D:6)
  A centaur zombie (D:3)
  A bullfrog skeleton (D:7)
  A hound (D:6)
  An orc priest (D:5)
  Jessica (D:6)
  An iguana (D:7)
  Terence (D:2)
  3 worker ants
  A killer bee zombie (D:3)
  A hound zombie (D:3)
  The ghost of eooof the Caller, a weakling DESu (D:3)
  3 worker ant zombies
  3 gnolls (D:4)
  3 adders
  A shadow imp (D:5)
  A white imp (D:6)
  An ufetubus (D:5)
  An ooze (D:1)
  An adder skeleton (D:3)
  An adder zombie (D:5)
  3 worms
  A dart slug (D:5)
  2 leopard geckos
  17 orcs
  5 giant cockroaches
  14 goblins
  6 hobgoblins
  8 jackals
  7 kobolds
  A quokka (D:5)
  19 bats
  4 frilled lizards
  A giant cockroach zombie (D:5)
  A leopard gecko skeleton (D:4)
  A quokka skeleton (D:6)
  7 rats
146 creatures vanquished.

Vanquished Creatures (collateral kills)
  3 orcs (D:7)
3 creatures vanquished.

Vanquished Creatures (others)
  A human (D:2)
  A killer bee (D:7)
2 creatures vanquished.

Grand Total: 151 creatures vanquished

Notes
Turn   | Place    | Note
-------+----------+-------------------------------------------
     0 | D:1      | Zeld the Octopode Fighter began the quest for the Orb.
     0 | D:1      | Reached XP level 1. HP: 16/16 MP: 1/1
   286 | D:1      | Reached XP level 2. HP: 17/21 MP: 2/2
   751 | D:1      | Reached XP level 3. HP: 26/26 MP: 3/3
  1395 | D:2      | Noticed Terence
  1403 | D:2      | Killed Terence
  1404 | D:2      | Reached XP level 4. HP: 21/33 MP: 4/4
  1750 | D:2      | Found an ancient bone altar of Kikubaaqudgha.
  1752 | D:2      | Noticed a human
  1753 | D:2      | Killed a human
  1762 | D:2      | Noticed Sigmund
  1782 | D:2      | Killed Sigmund
  1783 | D:2      | Reached XP level 5. HP: 38/38 MP: 5/5
  1783 | D:2      | Reached XP level 6. HP: 44/44 MP: 6/6
  1831 | D:2      | Found a faded altar of an unknown god.
  2111 | D:3      | Found a transporter.
  2111 | D:3      | Noticed eooof's ghost (weakling DESu)
  2118 | D:3      | Found a transporter.
  2119 | D:3      | Noticed a necrophage
  3123 | D:4      | Noticed Menkaure
  3131 | D:4      | Killed Menkaure
  3192 | D:4      | Reached skill level 5 in Fighting
  3195 | D:4      | Reached skill level 5 in Shields
  3305 | D:4      | Reached XP level 7. HP: 50/50 MP: 7/7
  3702 | D:4      | Found a staircase to the Ecumenical Temple.
  3823 | Temple   | Entered the Ecumenical Temple
  3891 | D:4      | Reached skill level 1 in Throwing
  3891 | D:4      | Reached skill level 1 in Spellcasting
  3930 | D:5      | Entered Level 5 of the Dungeon
  4326 | D:5      | Found a stormy altar of Qazlal.
  5425 | D:3      | Reached XP level 8. HP: 35/55 MP: 10/12
  5564 | D:3      | Found a transporter.
  5569 | D:3      | Found a transporter.
  6318 | D:3      | Killed eooof's ghost
  6811 | D:6      | Noticed Grinder
  7528 | D:6      | Reached skill level 5 in Throwing
  7778 | D:6      | Reached skill level 5 in Spellcasting
  7778 | D:6      | Reached XP level 9. HP: 61/61 MP: 16/16
  7796 | D:6      | Got a vibrating amber ring
  7797 | D:6      | Identified the ring of Asijudd {*Tele Str+3} (You found it
                  | on level 6 of the Dungeon)
  8539 | D:6      | Killed Grinder
  8706 | D:6      | Found a glowing silver altar of Zin.
  8708 | D:6      | Found a hide-covered altar of Uskayaw.
  8824 | D:6      | Noticed Jessica
  8832 | D:6      | Killed Jessica
  8833 | D:6      | Found a shimmering blue altar of Sif Muna.
  9292 | D:7      | Found a basalt altar of Yredelemnul.
  9293 | D:7      | Found a stormy altar of Qazlal.
  9355 | D:7      | Found a glowing golden altar of the Shining One.
  9361 | D:7      | Found an opulent altar of Gozag.
  9406 | D:7      | Killed from afar by an orc priest

Illustrated notes

Levels and vault maps discovered:
D:1:      ncdulo_wetmaze, layout_basic
D:2:      layout_basic, chequers_ecumenical_altar_island, tgw_kikubaaqudgha,
          uniq_sigmund, uniq_terence
D:3:      layout_loops_corners, gammafunk_ghost_mausoleum
D:4:      layout_cave_pools, minmay_temple_entry_enclosed_plants, uniq_menkaure
D:5:      minmay_skewed_foursquare, layout_gridville, grunt_qazlal_sundering
D:6:      layout_basic, gammafunk_temple_overflow_pools, tgw_sif, uniq_grinder
D:7:      layout_basic, general_overflow_altar, nicolae_overflow_hidden_temple,
          okawaru_trees_2, minitemple, hangedman_decor_peaks_small,
          nicolae_ru_sacrificial_ziggurat
Temple:   cyrus_circular_temple

Skill      XL: |  1  2  3  4  5  6  7  8  9 |
---------------+----------------------------+-----
Axes           | 3 4 |  4.7
Fighting       | 4 5 |  5.3
Shields        | 4 5 |  5.2
Throwing       | 3 5 6 |  6.0
Spellcasting   | 2 5 6 |  6.8
Dodging        | |  3.0

Action                   |  1- 3 |  4- 6 |  7- 9 || total
-------------------------+-------+-------+-------++-------
Melee: War axe           |    61 |    85 |   173 ||   319
       Constrict         |    12 |    26 |    36 ||    74
       Tentacles         |     8 |    15 |    38 ||    61
Throw: Dart              |       |       |    27 ||    27
Evoke: Wand              |       |       |     2 ||     2
  Use: Potion            |       |     1 |     7 ||     8
       Scroll            |       |       |    15 ||    15
 Stab: Sleeping          |     5 |     6 |     5 ||    16
       Invisible         |       |       |     2 ||     2
Armor: Skin              |     6 |     7 |     6 ||    19
Dodge: Dodged            |    19 |    40 |   113 ||   172
Block: Kite shield       |    29 |    32 |    76 ||   137
